 Dungeon Crawl Stone Soup version 0.26-a0-215-g1b87330c0f (webtiles) character file.

Game seed: 10965965581150447065

99 BritishOli the Ducker (level 4, -2/34 HPs)
             Began as a Demonspawn Gladiator on July 6, 2020.
             Slain by an orc
             ... wielding a +0 trident
              (8 damage)
             ... on level 3 of the Dungeon.
             The game lasted 00:01:32 (1803 turns).

BritishOli the Ducker (Demonspawn Gladiator)        Turns: 1803, Time: 00:01:32

Health: -2/34      AC: 11    Str: 15    XL:     4   Next: 45%
Magic:  4/4        EV: 13    Int: 13    God:
Gold:   69         SH:  0    Dex: 14    Spells: 3/3 levels left

rFire    . . .     SeeInvis .   a - +0 long sword
rCold    . . .     Faith    .   (no shield)
rNeg     . . .     Spirit   .   s - +3 leather armour
rPois    .         Reflect  .   n - +0 helmet {Int+3}
rElec    .         Harm     .   (no cloak)
rCorr    +                      (no gloves)
MR       .....                  r - +0 pair of boots
Stlth    +.........             (no amulet)
HPRegen  0.11/turn              i - ring of resist corrosion
MPRegen  0.09/turn              m - ring of resist corrosion

@: no status effects
A: icy blue scales 2
a: no special abilities


You were on level 3 of the Dungeon.
You were not hungry.

You visited 1 branch of the dungeon, and saw 3 of its levels.

You collected 69 gold pieces.

Inventory:

Hand Weapons
 a - a +0 long sword (weapon)
Missiles
 d - 3 throwing nets (quivered)
Armour
 n - a +0 helmet of intelligence (worn)
 r - a +0 pair of boots (worn)
 s - a +3 leather armour (worn)
Jewellery
 c - an uncursed ring of wizardry
 i - a ring of resist corrosion (left hand)
 m - a ring of resist corrosion (right hand)
Scrolls
 e - a scroll of identify {unknown}
 f - a scroll of blinking {unknown}
 g - a scroll of enchant armour {unknown}
 o - a scroll of remove curse {unknown}
 t - a scroll of fog {unknown}
Potions
 b - a potion of invisibility {unknown}
 h - a potion of cancellation {unknown}
 j - 2 potions of brilliance {unknown}
 k - a potion of stabbing {unknown}
 l - a potion of heal wounds {unknown}
 p - a potion of haste {unknown}
 q - a potion of might {unknown}
 u - a potion of curing {unknown}


   Skills:
 + Level 2.8 Fighting
 + Level 3.2 Long Blades
 - Level 2.1 Throwing
 + Level 1.5 Armour
 + Level 3.3 Dodging


You had 3 spell levels left.
You didn't know any spells.
Your spell library was empty.

Dungeon Overview and Level Annotations

Branches:
Dungeon (3/15)

Altars:


Innate Abilities, Weirdness & Mutations

You are mostly covered in icy blue scales. (AC +3)


Message History

You hit the orc priest.
The orc priest is moderately wounded.
The orc hits you from afar with a +0 trident.
* * * LOW HITPOINT WARNING * * *
The orc priest barely misses you.
You hit the orc priest.
The orc priest is severely wounded.
The orc barely misses you.
The orc priest looks braver for a moment.
You slash the orc priest!
You kill the orc priest!
The orc hits you but does no damage. x2; The orc closely misses you.
You hit the orc.
The orc is heavily wounded.
The orc hits you but does no damage. x2
You barely miss the orc.
The orc is heavily wounded.
The orc hits you but does no damage.
The orc hits you from afar with a +0 trident!
You die...

###.#.#.....#.≈≈≈≈≈≈≈
#.#.###.###..≈≈≈..≈
#.#.###.###≈.≈≈≈≈_.
#.#..........≈≈≈≈≈≈
#...####...≈≈≈≈≈≈
#.#.# ##.≈≈≈≈≈≈≈
#>#.# #.≈≈≈≈≈≈≈ #.#.#
#.....≈≈. #@#.#
#...≈≈≈.. #o#.#
########. o.#.#
#..#.# ...# ##.## ..
#.


You could see 2 orcs.

Vanquished Creatures
  An orc priest (D:3)
  2 adders (D:2)
  3 worms (D:2)
  2 dart slugs (D:1)
  A leopard gecko (D:1)
  An orc (D:3)
  2 bats
  3 giant cockroaches (D:2)
  5 goblins
  6 hobgoblins
  2 frilled lizards
  4 kobolds
  2 rats (D:2)
34 creatures vanquished.

Notes
Turn   | Place    | Note
-------+----------+-------------------------------------------
     0 | D:1      | BritishOli the Demonspawn Gladiator began the quest for the
                  | Orb.
     0 | D:1      | Reached XP level 1. HP: 16/16 MP: 1/1
   235 | D:1      | Gained mutation: You are partially covered in icy blue
                  | scales. (AC +2) [demonic ancestry]
   235 | D:1      | Reached XP level 2. HP: 22/22 MP: 2/2
   864 | D:2      | Gained mutation: You are mostly covered in icy blue scales.
                  | (AC +3) [demonic ancestry]
   864 | D:2      | Reached XP level 3. HP: 21/28 MP: 3/3
  1118 | D:2      | Reached skill level 1 in Armour
  1778 | D:3      | Found a faded altar of an unknown god.
  1794 | D:3      | Reached XP level 4. HP: 25/34 MP: 4/4
  1803 | D:3      | Slain by an orc

Illustrated notes

Levels and vault maps discovered:
D:1:      minmay_arrival_split_and_join, layout_basic, lemuel_another_geyser
D:2:      layout_basic
D:3:      layout_loops_ring, chequers_ecumenical_altar_island

Skill      XL: |  1  2  3 |
---------------+----------+-----
Throwing       | 2 |  2.1
Long Blades    | 3 |  3.2
Dodging        | 3 |  3.3
Armour         | 1 |  1.5
Fighting       | |  2.8

Action                   |  1- 3 |  4- 6 || total
-------------------------+-------+-------++-------
Melee: Long sword        |   100 |     9 ||   109
  Eat: Ration            |     1 |       ||     1
Armor: Leather armour    |    40 |     6 ||    46
Dodge: Dodged            |    85 |     8 ||    93
       Rpst.: Long sword |    20 |       ||    20

Table legend:
 A = Non-vault XP
 B = Vault XP
 C = Vault XP percentage of total XP
 D = Non-vault monster count
 E = Vault monster count
 F = Vault count percentage of total count
                 A         B        C        D         E       F
            +---------+---------+-------+---------+---------+-------
      Total |     142 |       0 |   0.0 |      34 |       0 |   0.0
            +---------+---------+-------+---------+---------+-------
        D:1 |      23 |       0 |   0.0 |      10 |       0 |   0.0
        D:2 |      71 |       0 |   0.0 |      21 |       0 |   0.0
        D:3 |      48 |       0 |   0.0 |       3 |       0 |   0.0
            +---------+---------+-------+---------+---------+-------
